 Dungeon Sprint DCSS version 0.28.0 (webtiles) character file.

Game seed: 1293262611232464752

2 rocky1 the Skirmisher (level 1, -4/20 HPs)
             Began as a Minotaur Abyssal Knight on Feb 12, 2022.
             Was a Believer of Lugonu.
             Slain by a human (8 damage)
             ... in the Dungeon (Sprint III: "The Ten Rune Challenge").
             The game lasted 00:00:36 (129 turns).

rocky1 the Skirmisher (Minotaur Abyssal Knight)      Turns: 129, Time: 00:00:36

Health: -4/20      AC:  3    Str: 17    XL:     1   Next: 33%
Magic:  0/1        EV: 11    Int:  7    God:    Lugonu [**....]
Gold:   0          SH:  0    Dex: 10    Spells: 0/0 levels left

rFire   . . .      SeeInvis .   a - +1 hand axe
rCold   . . .      Faith    .   (no shield)
rNeg    . . .      Spirit   .   b - +0 leather armour
rPois   .          Reflect  .   (helmet restricted)
rElec   .          Harm     .   (no cloak)
rCorr   .          Rampage  .   (no gloves)
Will    .....      NoTele   +   (no boots)
Stlth   +.........              (no amulet)
HPRegen 0.06/turn               (no ring)
MPRegen 0.07/turn               (no ring)

@: no status effects
A: horns 2, retaliatory headbutt
a: Renounce Religion, Bend Space


You were in the Dungeon.
You worshipped Lugonu.
Lugonu was pleased with you.
You visited 1 branch

Inventory:

Hand Weapons
 a - a +1 hand axe (weapon)
Armour
 b - a +0 leather armour (worn)
Scrolls
 h - a scroll of blinking
 i - a scroll of fear {unknown}
Potions
 c - a potion of curing
 e - a potion of haste
 f - 2 potions of magic
 g - a potion of berserk rage


   Skills:
 + Level 3.9 Fighting
 + Level 2.8 Axes
 + Level 2.8 Armour
 + Level 1.6 Dodging
 + Level 2.1 Invocations


You couldn't memorise any spells.
You didn't know any spells.
Your spell library was empty.

Dungeon Overview and Level Annotations

Branches:
Dungeon (1/1)

Altars:


Innate Abilities, Weirdness & Mutations

You have a pair of horns on your head.
You reflexively headbutt those who attack you in melee.


Message History

The human is lightly wounded.
The human hits you.
You barely miss the human.
The human is lightly wounded.
The human barely misses you.
You hit the human.
The human is lightly wounded.
The human hits you.
* * * LOW HITPOINT WARNING * * *
The human closely misses you. Space bends around you!
You blink.
You feel much better. The human barely misses you.
You hit the human but do no damage. Your headbutt misses the human.
The human is lightly wounded.
The human completely misses you. The human hits you.
You hit the human. Your headbutt misses the human.
The human is moderately wounded.
The human hits you but does no damage.
You hit the human. Your headbutt misses the human.
The human is moderately wounded.
The human hits you.
You hit the human but do no damage.
The human is moderately wounded.
The human hits you!
* * * LOW HITPOINT WARNING * * *
You hit the human.
The human is heavily wounded.
The human hits you.
* * * LOW HITPOINT WARNING * * *
You completely miss the human.
The human is heavily wounded.
The human barely misses you.
You hit the human but do no damage. You headbutt the human!
The human is severely wounded.
The human misses you.
You miss the human.
The human is severely wounded.
The human hits you!
You die...

▓#'#### ▓.....#
...≈♣♣♣ ..#
▓.....#...≈≈.♣....#
▓....(#..≈≈≈≈..♣♣.+
▓####'#..≈≈≈≈≈≈♣..#
▓...††#.≈≈≈≈≈≈....#
▓.....#.≈≈≈≈≈.....#
▓.....#.≈≈≈.......#
▓'#####.......p@..#
▓.................#
▓▓▓▓▓▓▓▓▓▓▓▓▓▓▓▓▓▓▓


You could see a human.

Vanquished Creatures
  4 rats (D)
4 creatures vanquished.

Notes
Turn   | Place    | Note
-------+----------+-------------------------------------------
     0 | D        | rocky1 the Minotaur Abyssal Knight began the quest for the
                  | Orb.
     0 | D        | Reached XP level 1. HP: 19/19 MP: 1/1
     7 | D        | Reached ** piety under Lugonu
   129 | D        | Slain by a human

Illustrated notes

Levels and vault maps discovered:
D:        dungeon_sprint_mu [sprint_mu_entry_forest, sprint_mu_temple_rooms,
          sprint_mu_d1_spiders, sprint_mu_d2_genie, sprint_mu_d3_branching,
          sprint_mu_orc_legion, sprint_mu_elf_gauntlet, sprint_mu_hive_nellie,
          sprint_mu_lair_fedhas, sprint_mu_vaults_butterflies,
          sprint_mu_slime_circle, sprint_mu_swamp_cave, sprint_mu_snake_twists,
          sprint_mu_blade_basic, sprint_mu_crypt_chambers,
          sprint_mu_tomb_spiral, sprint_mu_vestibule_basic,
          sprint_mu_gehenna_hellfire, sprint_mu_dis_giant,
          sprint_mu_tartarus_statrot, sprint_mu_cocytus_islands, sprint_mu_zot1]

Skill      XL: |  1 |
---------------+----+-----
Invocations    | 2 |  2.1
Fighting       | |  3.9
Axes           | |  2.8
Armour         | |  2.8
Dodging        | |  1.6

Action                   || total
-------------------------++-------
Melee: Hand axe          ||    19
       Headbutt          ||     1
Invok: Bend Space        ||     1
  Use: Potion            ||     1
Armor: Leather armour    ||     2
Dodge: Dodged            ||    10
